 Dungeon Crawl Stone Soup version 0.31.0-9-g3a7656b989 (webtiles) character file.

Game seed: 11156642548811063036

4792 Killerpretzel the Grappler (level 10, -4/104 HPs)
             Began as a Troll Berserker on Jan 26, 2024.
             Was an Elder of Trog.
             Incinerated by a deep elf pyromancer (27 damage)
             ... with a pyre arrow
             ... on level 9 of the Dungeon on Jan 27, 2024.
             The game lasted 00:39:11 (7009 turns).

Killerpretzel the Grappler (Troll Berserker)        Turns: 7009, Time: 00:39:12

Health: -4/104     AC:  9    Str: 31    XL:     10   Next: 24%
Magic:  9/9        EV:  5    Int:  3    God:    Trog [****..]
Gold:   363        SH: 31    Dex:  9    Spells: 9/9 levels left

rFire   x .          .
                       - Unarmed
rCold   . . .        a - +18 shield of the Gong {Loud rN+ Will+ rCorr EV-5}
rNeg    + . .        C - +1 acid dragon scales
rPois   +            (helmet restricted)
rElec   +            (no cloak)
rCorr   +            (gloves unavailable)
SInv    .            (boots unavailable)
Will    ++...        j - amulet "Bockif" {Reflect Rampage rElec rPois rF- SH+5}
Stlth   +            w - ring of flight
HPRegen 1.17/turn    B - ring of willpower
MPRegen 0.11/turn

%: reflection, rampage
@: on fire, on berserk cooldown, flying, slowed, glowing, very slow
A: large, unfitting armour, claws 3, regeneration 1, shaggy fur 1, tough skin 1
a: Renounce Religion, Berserk, Trog's Hand, Brothers in Arms


You were on level 9 of the Dungeon.
You worshipped Trog.
Trog was greatly pleased with you.
You visited 1 branch of the dungeon, and saw 9 of its levels.

You collected 363 gold pieces.

Inventory:

Missiles
 p - 12 boomerangs (quivered)
Armour
 a - the +18 shield of the Gong (worn) {Loud rN+ Will+ rCorr EV-5}
   (You acquired it on level 1 of the Dungeon)

   Loud:      It is deafeningly noisy when blocking attacks.
   EV-5:      It affects your evasion (-5).
   rN+:       It protects you from negative energy.
   Will+:     It increases your willpower.
   rCorr:     It protects you from acid and corrosion.
 C - +1 acid dragon scales (worn)
Jewellery
 j - the amulet "Bockif" (around neck) {Reflect Rampage rElec rPois rF- SH+5}
   (You found it on level 2 of the Dungeon)

   [amulet of reflection]

   Reflect:   It reflects blocked missile attacks.
   rF-:       It makes you vulnerable to fire.
   rElec:     It insulates you from electricity.
   rPois:     It protects you from poison SH+5: It affects your SH (+5).
   Rampage:   It bestows one free step when moving towards enemies.
 w - a ring of flight (left claw)
 B - a ring of willpower (right claw)
Wands
 i - a wand of polymorph (8)
 m - a wand of paralysis (6)
 n - a wand of quicksilver (12)
Scrolls
 b - a scroll of fog
 c - a scroll of torment
 d - 3 scrolls of teleportation
 e - 3 scrolls of identify
 h - 2 scrolls of enchant weapon
 k - a scroll of fear
Potions
 f - 2 potions of heal wounds {unknown}
 g - 4 potions of attraction
 l - a potion of berserk rage
 o - 2 potions of resistance
 q - 3 potions of might
 r - a potion of curing
 z - a potion of haste
 A - a potion of ambrosia


   Skills:
 + Level 7.6 Fighting
 - Level 7.3 Dodging
 * Level 3.4 Shields
 + Level 9.0 Unarmed Combat


You had 9 spell levels left.
You didn't know any spells.
Your spell library was empty.

Dungeon Overview and Level Annotations

Branches:
Dungeon (9/15)             Temple (0/1) D:4
   Lair: D:8-11         Orc: D:9-12

Altars:
Gozag
Hepliaklqana
Ru
Uskayaw


Innate Abilities, Weirdness & Mutations

You are too large for most types of armour.
You have claws for hands.
Your natural rate of healing is unusually fast.
You are covered in fur. (AC +1)
You have tough skin. (AC +1)


Message History

A centaur comes into view.
You block the deep elf pyromancer's attack.
GONNNNG!
You claw the deep elf pyromancer!
The deep elf pyromancer is heavily wounded.
The deep elf pyromancer casts a spell at you.
The pyre arrow hits you.
You are covered in intense liquid fire!
You scratch the deep elf pyromancer.
The deep elf pyromancer is heavily wounded.
The liquid fire burns you!
* * * LOW HITPOINT WARNING * * *
The centaur wields a +0 shortbow.
The centaur shoots an arrow.
PTOANNNG!
You block the arrow with an invisible shield... and reflect it back!
The arrow hits the centaur.
You claw the deep elf pyromancer!
The deep elf pyromancer is severely wounded.
The liquid fire burns you!
* * * LOW HITPOINT WARNING * * *
The deep elf pyromancer mumbles some strange words.
The centaur shoots an arrow.
SHROANNG!
You block the arrow with an invisible shield... and reflect it back!
The arrow hits the centaur!
You mangle the deep elf pyromancer!!
You kill the deep elf pyromancer!
Trog accepts your kill.
Trog appreciates your killing of a magic user.
The fire elemental disappears in a puff of smoke!
The liquid fire burns you!
* * * LOW HITPOINT WARNING * * *
You are no longer berserk.
You are exhausted.
You feel yourself slow down.
Your Shields skill increases to level 3!
Your Unarmed Combat skill increases to level 9!
You shake off some of the fire as you move.
The liquid fire burns you!
You die...

#..# ##.## ##########
#..## .........# ##..#
......°..############'##
......○..##............#
......)..##.........<..#
.........##....c.......+
.........#§@...........#
.......).).............#
...$.....##............#
##############'..#######
...# ..# .# .#


You could see a centaur.

Vanquished Creatures
  A two-headed ogre (D:9)
  A deep elf pyromancer (D:9)
  Pikel (D:5)
  Grinder (D:3)
  A steam dragon (D:6)
  An acid dragon (D:8)
  2 water moccasins
  A black bear (D:7)
  A sky beast (D:8)
  3 centaurs
  An ogre (D:4)
  A phantom (D:5)
  A kobold brigand (D:7)
  A bullfrog (D:7)
  7 scorpions
  4 wights (D:8)
  6 killer bees (D:7)
  A howler monkey (D:5)
  2 bombardier beetles
  2 gnoll boudas (D:6)
  6 jellies
  2 orc priests (D:8)
  Terence (D:2)
  2 sleepcaps (D:8)
  4 iguanas
  Natasha (thrice) (D:4)
  5 orc wizards
  14 gnolls
  9 adders
  A ribbon worm (D:2)
  3 dart slugs
  28 orcs
  5 bats
  4 endoplasms
  3 giant cockroaches
  9 goblins
  8 hobgoblins
  3 jackals (D:1)
  10 quokkas
  9 ball pythons
  7 frilled lizards
  12 kobolds
  4 rats
191 creatures vanquished.

Notes
Turn   | Place    | Note
-------+----------+-------------------------------------------
     0 | D:1      | Killerpretzel the Troll Berserker began the quest for the
                  | Orb.
     0 | D:1      | Reached XP level 1. HP: 22/22 MP: 0/0
   165 | D:1      | Reached XP level 2. HP: 29/29 MP: 1/1
   266 | D:1      | Reached XP level 3. HP: 36/36 MP: 2/2
   432 | D:1      | Reached ** piety under Trog
   847 | D:2      | Noticed Terence
   863 | D:2      | Killed Terence
   864 | D:2      | Reached XP level 4. HP: 45/45 MP: 3/3
   961 | D:2      | Reached skill level 4 in Unarmed Combat
  1138 | D:2      | Identified the amulet "Bockif" {Reflect Rampage rElec rPois
                  | rF- SH+5}
  1296 | D:2      | Reached XP level 5. HP: 50/53 MP: 4/4
  1501 | D:3      | Noticed Grinder
  1512 | D:3      | Killed Grinder
  1513 | D:3      | Reached XP level 6. HP: 62/62 MP: 5/5
  1545 | D:3      | Found a sacrificial altar of Ru.
  1623 | D:3      | Reached *** piety under Trog
  1636 | D:3      | Reached skill level 5 in Unarmed Combat
  2140 | D:4      | Noticed Natasha
  2148 | D:4      | Killed Natasha
  2181 | D:4      | Noticed Natasha
  2185 | D:4      | Killed Natasha
  2186 | D:4      | Reached XP level 7. HP: 71/71 MP: 6/6
  2261 | D:4      | Found a staircase to the Ecumenical Temple.
  2377 | D:4      | Noticed Natasha
  2387 | D:4      | Killed Natasha
  2692 | D:4      | Found a glowing drain.
  2883 | D:5      | Entered Level 5 of the Dungeon
  3043 | D:5      | Found a hide-covered altar of Uskayaw.
  3159 | D:5      | Noticed Pikel
  3191 | D:5      | Killed Pikel
  3192 | D:5      | Reached skill level 5 in Fighting
  3192 | D:5      | Reached skill level 5 in Dodging
  3192 | D:5      | Reached skill level 6 in Unarmed Combat
  3192 | D:5      | Reached XP level 8. HP: 81/81 MP: 7/7
  3996 | D:6      | Reached skill level 7 in Unarmed Combat
  4108 | D:6      | Reached **** piety under Trog
  4502 | D:6      | Reached XP level 9. HP: 77/89 MP: 8/8
  4989 | D:7      | Reached skill level 8 in Unarmed Combat
  5018 | D:7      | Found a hazy altar of Hepliaklqana.
  5916 | D:1      | Identified a scroll of acquirement
  5916 | D:1      | Acquired the +18 shield of the Gong {Loud rN+ Will+ rCorr
                  | EV-5}
  5916 | D:1      | Found the +18 shield of the Gong {Loud rN+ Will+ rCorr
                  | EV-5}
  6594 | D:8      | Reached skill level 1 in Shields
  6867 | D:8      | Found an opulent altar of Gozag.
  6957 | D:9      | Noticed a two-headed ogre
  6966 | D:9      | Killed a two-headed ogre
  6967 | D:9      | Reached XP level 10. HP: 83/102 MP: 9/9
  6968 | D:9      | Noticed a deep elf pyromancer
  7008 | D:9      | Killed a deep elf pyromancer
  7009 | D:9      | Reached skill level 9 in Unarmed Combat
  7009 | D:9      | Incinerated by a deep elf pyromancer

Illustrated notes

Levels and vault maps discovered:
D:1:      zelgadis_glass_arrival_small, layout_basic, nicolae_hexahallways
D:2:      layout_loops_cross, uniq_terence
D:3:      layout_basic, nicolae_ru_sacrificial_ziggurat, minmay_pentomino_pile,
          uniq_grinder
D:4:      layout_loops_corners, temple_fountains, portal_sewer_entry_a,
          minmay_strange_pillars, uniq_natasha
D:5:      layout_cave_pods, nicolae_uskayaw_dance_hall, uniq_pikel
D:6:      layout_gridville
D:7:      layout_cave_pools, mainiacjoe_overflow_paths
D:8:      layout_basic, mainiacjoe_overflow_alcove_4
D:9:      layout_roguey, serial_library_hellmonk_narrow_alcove

Skill      XL: |  1  2  3  4  5  6  7  8  9 10 |
---------------+-------------------------------+-----
Fighting       | 3 4 5 6 7 |  7.6
Dodging        | 3 4 5 6 7 |  7.3
Unarmed Combat | 4 5 6 7 8 9 |  9.0
Shields        | 2 3 |  3.4

Action                     |  1- 3 |  4- 6 |  7- 9 | 10-12 || total
---------------------------+-------+-------+-------+-------++-------
  Melee: Unarmed           |    95 |   139 |   286 |    28 ||   548
         Punch             |     2 |     2 |    12 |       ||    16
 Invoke: Berserk           |     1 |     1 |     2 |     1 ||     5
         Trog's Hand       |       |     1 |     2 |     1 ||     4
    Use: Scroll            |       |       |    19 |       ||    19
         Potion            |       |       |       |     1 ||     1
   Stab: Sleeping          |     1 |       |       |       ||     1
 Armour: Animal skin       |    41 |    69 |    60 |       ||   170
         Robe              |       |       |   110 |       ||   110
         Acid dragon scale |       |       |     3 |     9 ||    12
  Dodge: Dodged            |    40 |    54 |   139 |     2 ||   235
  Block: Other             |       |    19 |    62 |       ||    81
         Reflection        |       |     2 |     4 |     6 ||    12
         Kite shield       |       |       |    18 |    32 ||    50
